 Dungeon Crawl Stone Soup version 0.17.0-57-g0e89251 (webtiles) character file.

960 Hnefi the Sneak (level 7, -1/53 HPs)
             Began as a Demonspawn Assassin on Dec 8, 2015.
             Splashed by a jelly's acid (7 damage)
             ... on level 6 of the Dungeon.
             The game lasted 00:22:23 (7041 turns).

Hnefi the Sneak (Demonspawn Assassin)               Turns: 7041, Time: 00:22:25

Health: -1/53      AC: -4    Str: 14    XL:     7   Next: 92%
Magic:  0/8        EV: 13    Int: 12    God:
Gold:   240        SH:  0    Dex: 18    Spells: 0 memorised, 6 levels left

rFire  . . .     SeeInvis .     a - +2 dagger
rCold  . . .     Clarity  .     c - +0 robe
rNeg   . . .     SustAt   .     (no shield)
rPois  +         Gourm    .     (helmet restricted)
rElec  .         Spirit   +     d - +0 cloak
rCorr  .         Warding  .     (no gloves)
rMut   .         Stasis   .     G - +0 pair of boots
MR     .....                    (no amulet)
Stlth  ++++......               y - ring of wizardry
                                p - ring of poison resistance

@: corroded equipment, not resistant to hostile enchantments, stealthy
A: hooves 1, horns 2, agile 1, strong 1, wild magic 1, evolution 1, magic
shield, magic regeneration
a: no special abilities


You were on level 6 of the Dungeon.
You were hungry.

You visited 1 branch of the dungeon, and saw 6 of its levels.
You also visited: Sewer.

You collected 240 gold pieces.

Inventory:

Hand Weapons
 a - a +2 dagger (weapon)
 b - a +0 blowgun
Missiles
 e - 8 poisoned needles
 f - 2 curare-tipped needles
Armour
 c - a +0 robe (worn)
 d - a +0 cloak (worn)
 G - a +0 pair of boots (worn)
Jewellery
 p - a ring of poison resistance (left hand)
 y - a ring of wizardry (right hand)
Wands
 E - a wand of flame (10)
 I - a wand of random effects (19)
 L - a wand of paralysis (13)
Scrolls
 j - 4 scrolls of teleportation
 k - a scroll of fog {unknown}
 m - 2 scrolls of blinking {unknown}
 n - 3 scrolls of identify {unknown}
 t - a scroll of random uselessness {unknown}
 u - a scroll of enchant armour {unknown}
 A - a scroll of fear {unknown}
 F - a scroll of amnesia {unknown}
 H - a scroll of remove curse {unknown}
 K - a scroll of torment {unknown}
Potions
 h - 6 potions of heal wounds
 i - 3 potions of agility {unknown}
 l - 3 potions of brilliance {unknown}
 o - 2 potions of berserk rage {unknown}
 q - a potion of cancellation {unknown}
 s - 2 potions of poison {unknown}
 w - a potion of invisibility {unknown}
 z - a potion of lignification {unknown}
 B - 3 potions of curing {unknown}
 M - a potion of magic {unknown}
Books
 C - a book of Burglary

   Spells                             Type                      Level
   a - Swiftness                      Charms/Air                   2
   b - Passwall                       Transmutation/Earth          3
   c - Passage of Golubria            Translocation                4
   d - Lee's Rapid Deconstruction     Earth                        5
   e - Darkness                       Hexes                        6
   f - Invisibility                   Hexes                        6
 D - an Akashic Record

   Spells                             Type                      Level
   a - Dispersal                      Translocation                6
   b - Malign Gateway                 Summoning/Translocation      7
   c - Disjunction                    Translocation                8
   d - Controlled Blink               Translocation                8
Comestibles
 g - 8 bread rations
 r - 5 fruits
 v - a royal jelly
 x - a meat ration
 J - a slice of pizza


   Skills:
 + Level 3.7 Fighting
 * Level 5.0 Short Blades
 - Level 1.7 Throwing
 - Level 2.5 Dodging
 * Level 6.4 Stealth
 + Level 2.5 Evocations


You had 6 spell levels left.
You didn't know any spells.

Dungeon Overview and Level Annotations

Branches:
Dungeon (6/15)
 Temple: D:4-7

Altars:
Sif Muna
Vehumet
Xom

Shops:
D:5 }

Annotations:
D:5 seesque's ghost, novice MiBe


Innate Abilities, Weirdness & Mutations

You have a pair of horns on your head.
When hurt, damage is shared between your health and your magic reserves.
You regenerate magic rapidly.
You have large cloven feet.
You are agile. (Dex +2)
Your muscles are strong. (Str +2)
Your spells are a little harder to cast, but a little more powerful.
You evolve.


Message History

You are too injured to fight recklessly!
You are too injured to fight recklessly!
You are too injured to fight recklessly!
You are too injured to fight recklessly!
You are too injured to fight recklessly!
You are too injured to fight recklessly!
You hit the jelly. The acid corrodes you!
Your hands burn!
* * * LOW HITPOINT WARNING * * *
The jelly is heavily wounded.
You hit the jelly but do no damage.
Your hands burn!
* * * LOW HITPOINT WARNING * * *
The jelly is heavily wounded.
The jelly misses you.
You hit the jelly but do no damage.
Your hands burn!
* * * LOW HITPOINT WARNING * * *
The jelly is heavily wounded.
The jelly hits you.
* * * LOW HITPOINT WARNING * * *
You are splashed with acid!
The acid burns!
You die...

..........##..≈≈≈≈≈..#.#
..........#...≈≈.≈≈..#.#
..........#...≈≈≈≈≈..#.#
...............≈≈≈...#+##
..........##...........(.
.....#
.......#..##.............
.....#
.......#..###.#.#........
.....#
###+####.................
.....# #@................
.....# ##J...............
.....# #...........#####
.....##### #...........#
..÷÷.....# #.###########
.........# #.# .........#
#.# .....##### #.#
.......... #.#


You could see a jelly.

Vanquished Creatures
  A sky beast (D:6)
  2 centaurs
  2 giant frogs (D:6)
  2 crimson imps
  A jelly (D:6)
  A hound (D:4)
  Ijyb (D:4)
  An iguana (D:5)
  An orc wizard (D:5)
  An orc priest (D:5)
  4 worker ants
  Robin (D:4)
  A river rat (D:6)
  7 adders
  An ooze (D:6)
  An adder skeleton (D:4)
  3 giant geckos
  17 orcs
  24 goblins
  9 hobgoblins
  8 ball pythons
  10 bats
  3 giant cockroaches
  7 giant newts
  21 jackals
  12 kobolds
  2 quokkas
  6 rats
  2 plants (Sewer)
152 creatures vanquished.

Vanquished Creatures (others)
  9 fungi (D:6)
  A plant (Sewer)
  4 toadstools (D:1)
14 creatures vanquished.

Grand Total: 166 creatures vanquished

Notes
Turn   | Place    | Note
--------------------------------------------------------------
     0 | D:1      | Hnefi the Demonspawn Assassin began the quest for the Orb.
     0 | D:1      | Reached XP level 1. HP: 16/16 MP: 1/1
   429 | D:1      | Reached skill level 1 in Dodging
   476 | D:1      | Gained mutation: You have a pair of small horns on your head. [demonic ancestry]
   476 | D:1      | Reached XP level 2. HP: 15/22 MP: 2/2
   762 | D:1      | Reached skill level 4 in Stealth
   970 | D:2      | Found a deep blue altar of Sif Muna.
   971 | D:2      | Found a radiant altar of Vehumet.
   973 | D:2      | Found a shimmering altar of Xom.
  1060 | D:2      | Gained mutation: You have a pair of horns on your head. [demonic ancestry]
  1060 | D:2      | Reached XP level 3. HP: 27/27 MP: 3/3
  1206 | D:2      | You fall through a shaft!
  1868 | D:3      | Gained mutation: When hurt, damage is shared between your health and your magic reserves. [demonic ancestry]
  1868 | D:3      | Reached XP level 4. HP: 20/33 MP: 4/4
  2218 | D:4      | Noticed Robin
  2685 | D:4      | Killed Robin
  3167 | D:4      | Reached XP level 5. HP: 39/39 MP: 5/5
  3469 | D:4      | Noticed Ijyb
  3483 | D:4      | Killed Ijyb
  3613 | D:5      | Entered Level 5 of the Dungeon
  4063 | D:5      | Found Dyraminyr's Gadget Emporium.
  4383 | D:4      | Reached skill level 5 in Stealth
  4383 | D:4      | Gained mutation: You regenerate magic rapidly. [demonic ancestry]
  4383 | D:4      | Reached XP level 6. HP: 33/46 MP: 6/6
  4508 | D:5      | Noticed seesque's ghost (novice MiBe)
  4886 | D:5      | Noticed a centaur
  4897 | D:5      | Killed a centaur
  5073 | D:5      | Reached skill level 1 in Evocations
  5286 | D:6      | Noticed a slime creature
  5409 | D:6      | Reached XP level 7. HP: 52/52 MP: 6/8
  5449 | D:6      | Found a glowing drain.
  5474 | D:6      | Gained mutation: You have large cloven feet. [mutagenic meat]
  5475 | D:6      | Gained mutation: Your muscles are strong. (Str +2) [mutagenic meat]
  5476 | D:6      | Gained mutation: You are agile. (Dex +2) [mutagenic meat]
  5477 | D:6      | Gained mutation: You evolve. [mutagenic meat]
  5534 | Sewer    | Entered a sewer
  5892 | Sewer    | Gained mutation: Your spells are a little harder to cast, but a little more powerful. [evolution]
  6171 | Sewer    | Reached skill level 6 in Stealth
  6852 | D:6      | Reached skill level 5 in Short Blades
  7041 | D:6      | Splashed by a jelly's acid

Action                   |  1- 3 |  4- 6 |  7- 9 || total
-------------------------+-------+-------+-------++-------
Melee: Dagger            |   116 |   285 |   266 ||   667
Evoke: Wand              |       |     2 |       ||     2
  Use: Scroll            |       |     1 |       ||     1
       Potion            |       |     1 |     1 ||     2
 Stab: Sleeping          |    13 |     8 |     3 ||    24
       Distracted        |     1 |       |       ||     1
  Eat: Chunk             |     3 |    11 |     9 ||    23
       Fruit             |       |       |     2 ||     2
